← All builds
Suicide front / Legion / Quick factory / OBSERVED BUILD

Standard suicide front

Legion Suicide front build order · Supreme Isthmus

Quick Bot Lab into Vehicle Plant to project force at middle early with Ballista, Satyr, Decurion and Lance, transitioning into Barrage artillery and an Advanced Metal Extractor as the game develops.

#rush #raid · 55 distinct matches · 26 players · 78% of Legion Suicide front games · team won 59% of 58 · Recently observed

HOW TO PLAY IT

Key timing: Legion Vehicle Plant by 1:01

  1. Take first mex while the bot lab goes down immediately.
  2. Finish the bot lab fast to start producing early bots.
  3. Queue the vehicle plant right after for Ballista and Satyr.
  4. Push Ballista and Barrage to contest middle early.
  5. Transition into an advanced mex once T2 constructor is up.

Phase by phase

TYPICAL OF ITS 55 GAMES
  1. 1
  2. 2
  3. 3
PLAY THE OPENING

Follow the example game's first 6:00 step by step: what to build now, what comes next, and where it goes. At 1× it keeps pace with your own game.

  1. 1

    Up to the Legion Bot Lab

    Economy
    • Metal Extractor2Mex
    Order
    1. Legion Bot LabLegion Bot Lab after 2 mexdone ~0:34, middle half 0:27–0:44

    By 0:18 in all: 2 mex

    The example game in this phase · 1 step
    1. Mex ×2for Pond
  2. 2

    Legion Bot Lab to 5:00

    Economy
    • Metal Extractor4Mex
    • Wind Turbine6Wind
    Army
    • Pharos4 Pharos
    Other
    • Radar Tower1 Radar Tower

    Some games also: Legion Construction Bot (47%) · Zagreus (47%) · con turret (43%) · Legion Construction Vehicle (40%) · Barrage (40%)

    By 5:00 in all: 5 mex · 7 wind · 1 con turret

    The example game in this phase · 41 steps
    1. Legion Vehicle PlantLegion Vehicle Plantdone 0:38 · typical 0:40
    2. WheelieWheelie
    3. Windfor Pond
    4. Legion Construction VehicleLegion Construction Vehiclefor Pond
    5. Windfor Pond
    6. Mexfor Pond
    7. PharosPharosfor Pond
    8. Legion Construction VehicleLegion Construction Vehiclefor Pond
    9. Mexfor Pond
    10. DecurionDecurion
    11. PharosPharosfor Pond
    12. Radar TowerRadar Tower
    13. BarrageBarrage
    14. Windfor Pond
    15. Mex
    16. Windfor Pond
    17. PharosPharos
    18. BarrageBarragefor Pond
    19. Mex
    20. PharosPharos
    21. Windfor Pond
    22. PharosPharos ×2
    23. BarrageBarragefor Pond
    24. Windfor Pond
    25. LanceLancefor Pond
    26. PharosPharos
    27. Windfor Pond
    28. PharosPharos
    29. LanceLancefor Pond
    30. Windfor Pond
    31. Dragon's TeethDragon's Teeth ×2for Pond
    32. LanceLance
    33. Dragon's TeethDragon's Teeth ×3for Pond
    34. Windfor Pond
    35. LanceLancefor Pond
    36. PharosPharos
    37. Windfor Pond
    38. Dragon's TeethDragon's Teethfor Pond
    39. Dragon's TeethDragon's Teeth
    40. LanceLancefor Pond
    41. Windfor Pond
  3. 3

    5:00 to 10:00

    Economy
    • Metal Extractor1Mex
    • Wind Turbine11Wind
    Builders
    • Construction Turret1 Con turret

    Some games also: Radar Tower (48%) · Pharos (43%) · energy storage (41%) · Lance (34%) · Zagreus (34%)

    By 10:00 in all: 6 mex · 19 wind · 1 energy storage · 3 con turret

    The example game in this phase · 49 steps
    1. PharosPharos
    2. Dragon's TeethDragon's Teethfor Pond
    3. DecurionDecurionfor Pond
    4. Dragon's TeethDragon's Teethfor Pond
    5. Windfor Pond
    6. Dragon's TeethDragon's Teeth ×4for Pond
    7. Windfor Pond
    8. LanceLance
    9. PharosPharos
    10. LanceLancefor Pond
    11. PharosPharos
    12. Windfor Pond
    13. Dragon's TeethDragon's Teeth ×3for Pond
    14. LanceLancefor Pond
    15. Dragon's TeethDragon's Teethfor Pond
    16. PharosPharosfor Pond
    17. Con turretfor Pond
    18. LanceLance
    19. PharosPharos
    20. LanceLancefor Pond
    21. HeliosHelios
    22. Energy storagefor Pond
    23. HeliosHeliosfor Pond
    24. Mex
    25. HeliosHelios ×2for Pond
    26. Con turretfor Pond
    27. HeliosHelios ×5for Pond
    28. Wind ×2for Pond
    29. HeliosHeliosfor Pond
    30. Windfor Pond
    31. Con turretfor Pond
    32. Legion Construction VehicleLegion Construction Vehiclefor Pond
    33. Wind ×5for Pond
    34. Legion Construction VehicleLegion Construction Vehiclefor Pond
    35. Windfor Pond
    36. AlarisAlarisfor Pond
    37. Windfor Pond
    38. AlarisAlaris
    39. Wind ×3for Pond
    40. Legion Vehicle PlantEat Legion Vehicle Plantreclaimed for its metal
    41. Windfor Pond
    42. Con turretfor Pond
    43. Wind ×3for Pond
    44. Con turretfor Pond
    45. Wind ×7for Pond
    46. Advanced Vehicle PlantAdvanced Vehicle Plantfor Pondnot finished by 15:00
    47. Converter ×3for Pond
    48. Con turretfor Pond
    49. Converterfor Pond

Counts are medians over the build's games: half of them build more, half fewer. The example game is XuunnY's (33 OS, 06/09/2026); pick another.

Team trades

IN AT LEAST 30% OF ITS GAMES

You hand over

Nothing regular.

You get

  • Tidal Generator4 Tidal from Pondfirst at 0:11 · in 52% of games
  • Advanced Construction Bot1 T2 con bot from Geo or Techfirst at 7:31 · in 48% of games

How it plays out

Typical game of this build, running totals by minute

Metal produced

010k20k
0:005:0010:0015:00

metal

Enemy metal destroyed

05k10k
0:005:0010:0015:00

metal

Own metal lost

05k10k
0:005:0010:0015:00

metal

58 games.

Show as table
ByMetal produced: This buildEnemy metal destroyed: This buildOwn metal lost: This build
1:0029100
2:0087900
3:00181617250
4:002790448305
5:0038781092670
6:00489218251130
7:00589328741953
8:00727243202701
9:00847447363265
10:00972553614448
11:001112356284806
12:001315858645595
13:001386663557159
14:001569070087595
15:001756675898181
WHAT THE NUMBERS SAY

This aggressive opening wins more often than the role's other lines, with enemy metal destroyed well above own losses by 15:00.

  • + Enemy metal destroyed (9422) nearly doubles own metal lost (8541) by 15:00.
  • + Team wins 58% of games, strongest result among these roles.
  • − Own metal lost climbs fast early, 770 by 5:00 from committing hard.
THE EXAMPLE YOU ARE READING

XuunnY

32.9 OS · 06/09/2026

Open source match ↗

4 received units
128 metal received · 7610 energy received

Allied construction assistance is unknown. Timings are observations, not a promise of solo reproducibility.

Typical milestones

Legion Bot Lab0:34Middle 50%: 0:27–0:44 · n=34
Legion Vehicle Plant0:40Middle 50%: 0:30–1:01 · n=36

Played most by

XuunnY11games of this build_X_6games of this build[crd]sisa4games of this buildChancho4games of this buildxabre3games of this build